TOP OF THE 1ST |
Jasper Cougars batting - Pitching for Colorado Commanders : LHP Matt Parker
|
Pitching: LHP Matt Parker
|
|
Batting: RHB Manuel Pérez
|
0-0: Ball 1-0: Ball 2-0: SINGLE (Groundball, 6MD) (infield hit)
|
Batting: RHB Fernando Gálvez
|
0-0: Called Strike Manuel Pérez is caught stealing 2nd base 0-1: Foul Ball, location: 2F 0-2: Fly out, F7 (Flyball, 78M)
|
Batting: LHB Enrique Valentín
|
0-0: Ball 1-0: Swinging Strike 1-1: Ball 2-1: Swinging Strike 2-2: Strikes out swinging
|
Top of the 1st over - 0 run(s), 1 hit(s), 0 error(s), 0 left on base; Jasper 0 - Colorado 0 |
BOTTOM OF THE 1ST |
Colorado Commanders batting - Pitching for Jasper Cougars : RHP Dae-ho Kim
|
Pitching: RHP Dae-ho Kim
|
|
Batting: SHB Ángel Díaz
|
0-0: Called Strike 0-1: Ball 1-1: Called Strike 1-2: Foul Ball, location: 2F 1-2: Ball 2-2: Ball 3-2: Foul Ball, location: 2F 3-2: Ground out 1-3 (Groundball, 13)
|
Batting: RHB Keith Jones
|
0-0: Ball 1-0: Ball 2-0: Ball 3-0: Called Strike 3-1: Ground out 4-3 (Groundball, 4)
|
Batting: RHB Xavier De La Cruz
|
0-0: Ground out 6-3 (Groundball, 6M)
|
Bottom of the 1st over - 0 run(s), 0 hit(s), 0 error(s), 0 left on base; Jasper 0 - Colorado 0 |
TOP OF THE 2ND |
Jasper Cougars batting - Pitching for Colorado Commanders : LHP Matt Parker
|
Batting: SHB Ron Edwards
|
0-0: Ball 1-0: Foul Ball, location: 2F 1-1: Fly out, F9 (Flyball, 89M)
|
Batting: RHB Dan Hooper
|
0-0: Called Strike 0-1: Ball 1-1: Swinging Strike 1-2: Strikes out looking
|
Batting: SHB Martín Cruz
|
0-0: Ball 1-0: Called Strike 1-1: Ball 2-1: Called Strike 2-2: Foul Ball, location: 2F 2-2: Ball 3-2: Foul Ball, location: 2F 3-2: Foul Ball, location: 2F 3-2: Strikes out swinging
|
Top of the 2nd over - 0 run(s), 0 hit(s), 0 error(s), 0 left on base; Jasper 0 - Colorado 0 |
BOTTOM OF THE 2ND |
Colorado Commanders batting - Pitching for Jasper Cougars : RHP Dae-ho Kim
|
Batting: LHB Gary Kern
|
0-0: Foul Ball, location: 2F 0-1: SINGLE (Groundball, 4MD)
|
Batting: RHB Lee Price
|
0-0: Foul Ball, location: 2F 0-1: Fly out, F7 (Flyball, 78S)
|
Batting: RHB Richard Pendergast
|
0-0: Foul Ball, location: 2F 0-1: Called Strike 0-2: Ball 1-2: Foul Ball, location: 2F 1-2: Strikes out swinging
|
Batting: RHB Tim Adkins
|
0-0: Ball 1-0: Swinging Strike 1-1: Called Strike 1-2: Ball 2-2: Foul Ball, location: 2F 2-2: Foul Ball, location: 2F 2-2: Ball 3-2: Foul Ball, location: 2F 3-2: Foul Ball, location: 2F 3-2: Ground out 1-3 (Groundball, 15)
|
Bottom of the 2nd over - 0 run(s), 1 hit(s), 0 error(s), 1 left on base; Jasper 0 - Colorado 0 |
TOP OF THE 3RD |
Jasper Cougars batting - Pitching for Colorado Commanders : LHP Matt Parker
|
Batting: LHB Pepe Vázquez
|
0-0: Called Strike 0-1: Foul Ball, location: 2F 0-2: Ball 1-2: Ball 2-2: Foul Ball, location: 2F 2-2: Ball 3-2: Base on Balls
|
Batting: RHB José Ortega
|
0-0: Ball 1-0: Foul Ball, location: 2F 1-1: Called Strike 1-2: Strikes out swinging
|
Batting: RHB Juan Vázquez
|
0-0: Ball 1-0: Called Strike 1-1: Ball 2-1: 2-RUN HOME RUN (Flyball, 9D), Distance : 386 ft
|
Batting: RHB Manuel Pérez
|
0-0: Ball 1-0: Ball 2-0: Ball 3-0: Called Strike 3-1: Foul Ball, location: 2F 3-2: Ground out 6-3 (Groundball, 6)
|
Batting: RHB Fernando Gálvez
|
0-0: Called Strike 0-1: Foul Ball, location: 2F 0-2: Ball 1-2: Foul Ball, location: 2F 1-2: Strikes out swinging
|
Top of the 3rd over - 2 run(s), 1 hit(s), 0 error(s), 0 left on base; Jasper 2 - Colorado 0 |
BOTTOM OF THE 3RD |
Colorado Commanders batting - Pitching for Jasper Cougars : RHP Dae-ho Kim
|
Batting: RHB Emiel van Rhee
|
0-0: Ball 1-0: SINGLE (Line Drive, 56D)
|
Batting: LHB Cristóbal Cintrón
|
0-0: Foul Ball, location: 2F 0-1: Swinging Strike 0-2: Ball 1-2: Ball 2-2: Foul Ball, location: 2F 2-2: Strikes out looking
|
Batting: SHB Ángel Díaz
|
0-0: Ball 1-0: Foul Ball, location: 2F 1-1: Ball 2-1: Ball 3-1: SINGLE (Groundball, 5D) Emiel van Rhee to second
|
Batting: RHB Keith Jones
|
0-0: Ball Emiel van Rhee steals 3rd base Ángel Díaz to second 1-0: DOUBLE (Line Drive, 7LM) Emiel van Rhee scores Ángel Díaz scores
|
Batting: RHB Xavier De La Cruz
|
0-0: Called Strike 0-1: Ball 1-1: Ball 2-1: Swinging Strike 2-2: Strikes out looking
|
Batting: LHB Gary Kern
|
0-0: Called Strike 0-1: Ball 1-1: Fly out, F7 (Flyball, 7LS)
|
Bottom of the 3rd over - 2 run(s), 3 hit(s), 0 error(s), 1 left on base; Jasper 2 - Colorado 2 |
TOP OF THE 4TH |
Jasper Cougars batting - Pitching for Colorado Commanders : LHP Matt Parker
|
Batting: LHB Enrique Valentín
|
0-0: Foul Ball, location: 2F 0-1: Foul Ball, location: 2F 0-2: Foul Ball, location: 2F 0-2: Ball 1-2: Ball 2-2: Ball 3-2: Foul Ball, location: 2F 3-2: Base on Balls
|
Batting: SHB Ron Edwards
|
0-0: Called Strike 0-1: Ball Wild Pitch! Enrique Valentín to second 1-1: Foul Ball, location: 2F 1-2: Foul Ball, location: 2F 1-2: Foul Ball, location: 2F 1-2: Fly out, F9 (Popup, 4D)
|
Batting: RHB Dan Hooper
|
0-0: Ball 1-0: Called Strike 1-1: Ball 2-1: Swinging Strike 2-2: Foul Ball, location: 2F 2-2: Foul Ball, location: 2F 2-2: Strikes out swinging
|
Batting: SHB Martín Cruz
|
0-0: Foul Ball, location: 2F 0-1: SINGLE (Line Drive, 89S) Enrique Valentín to third
|
Batting: LHB Pepe Vázquez
|
0-0: Ball 1-0: Called Strike 1-1: Called Strike 1-2: Ground out U3 (Groundball, 3)
|
Top of the 4th over - 0 run(s), 1 hit(s), 0 error(s), 2 left on base; Jasper 2 - Colorado 2 |
BOTTOM OF THE 4TH |
Colorado Commanders batting - Pitching for Jasper Cougars : RHP Dae-ho Kim
|
Batting: RHB Lee Price
|
0-0: Swinging Strike 0-1: Swinging Strike 0-2: Ball 1-2: Strikes out swinging
|
Batting: RHB Richard Pendergast
|
0-0: Called Strike 0-1: Called Strike 0-2: Fly out, F4 (Popup, 3DF)
|
Batting: RHB Tim Adkins
|
0-0: Ball 1-0: Swinging Strike 1-1: Called Strike 1-2: Ball 2-2: Ball 3-2: Foul Ball, location: 2F 3-2: Strikes out looking
|
Bottom of the 4th over - 0 run(s), 0 hit(s), 0 error(s), 0 left on base; Jasper 2 - Colorado 2 |
TOP OF THE 5TH |
Jasper Cougars batting - Pitching for Colorado Commanders : LHP Matt Parker
|
Batting: RHB José Ortega
|
0-0: Called Strike 0-1: Ground out 1-3 (Groundball, 15)
|
Batting: RHB Juan Vázquez
|
0-0: Called Strike 0-1: Ball 1-1: Called Strike 1-2: Foul Ball, location: 2F 1-2: Foul Ball, location: 2F 1-2: Fly out, F6 (Popup, 7S)
|
Batting: RHB Manuel Pérez
|
0-0: Called Strike 0-1: SINGLE (Line Drive, 6D)
|
Pitching: RHP Tomás Rodríguez
|
|
Batting: RHB Fernando Gálvez
|
0-0: Ball 1-0: Ball 2-0: Ball 3-0: Called Strike 3-1: Swinging Strike 3-2: Foul Ball, location: 2F 3-2: Foul Ball, location: 2F 3-2: Foul Ball, location: 2F 3-2: Foul Ball, location: 2F 3-2: Reached on error, E5 (Groundball, 56) Manuel Pérez to third
|
Batting: LHB Enrique Valentín
|
0-0: Ground out 4-3 (Groundball, 34)
|
Top of the 5th over - 0 run(s), 1 hit(s), 1 error(s), 2 left on base; Jasper 2 - Colorado 2 |
BOTTOM OF THE 5TH |
Colorado Commanders batting - Pitching for Jasper Cougars : RHP Dae-ho Kim
|
Batting: RHB Emiel van Rhee
|
0-0: Foul Ball, location: 2F 0-1: Ball 1-1: Bunt missed! 1-2: SINGLE (Groundball, 34D) (infield hit)
|
Batting: LHB Cristóbal Cintrón
|
0-0: Ball Wild Pitch! Emiel van Rhee to second 1-0: Reached on error, E5 (Groundball, 5L) Emiel van Rhee scores
|
Batting: SHB Ángel Díaz
|
0-0: Called Strike 0-1: Ball 1-1: Ball 2-1: Foul Ball, location: 2F 2-2: Fly out, F9 (Flyball, 9LM)
|
Batting: RHB Keith Jones
|
0-0: Ball 1-0: Called Strike 1-1: Foul Ball, location: 2F 1-2: DOUBLE (Line Drive, 7LS) Cristóbal Cintrón scores
|
Pitching: RHP Andrés Ruíz
|
|
Batting: RHB Xavier De La Cruz
|
0-0: Ball 1-0: Fly out, F8 (Flyball, 8RM)
|
Batting: LHB Gary Kern
|
0-0: Ball 1-0: Called Strike 1-1: Ball 2-1: DOUBLE (Flyball, 78M) Keith Jones scores
|
Batting: RHB Lee Price
|
0-0: Ball 1-0: Fly out, F3 (Popup, 3DF)
|
Bottom of the 5th over - 3 run(s), 3 hit(s), 1 error(s), 1 left on base; Jasper 2 - Colorado 5 |
TOP OF THE 6TH |
Jasper Cougars batting - Pitching for Colorado Commanders : RHP Tomás Rodríguez
|
Batting: SHB Ron Edwards
|
0-0: Foul Ball, location: 2F 0-1: Ball 1-1: Foul Ball, location: 2F 1-2: Foul Ball, location: 2F 1-2: Strikes out swinging
|
Batting: RHB Dan Hooper
|
0-0: Ball 1-0: Ball 2-0: SINGLE (Groundball, 56D) (infield hit)
|
Batting: SHB Martín Cruz
|
0-0: Called Strike 0-1: Swinging Strike 0-2: Ball 1-2: Fly out, F9 (Flyball, 34) 1-2: Fly out, F9 (Flyball, 34)
|
Batting: LHB Pepe Vázquez
|
0-0: Ball 1-0: Ball 2-0: Ball 3-0: Called Strike 3-1: Base on Balls Dan Hooper to second
|
Batting: RHB José Ortega
|
0-0: Ball 1-0: Ball 2-0: Fielders Choice at 2nd, 4-6 (Groundball, 4MD)
|
Top of the 6th over - 0 run(s), 1 hit(s), 0 error(s), 1 left on base; Jasper 2 - Colorado 5 |
BOTTOM OF THE 6TH |
Colorado Commanders batting - Pitching for Jasper Cougars : RHP Andrés Ruíz
|
Batting: RHB Richard Pendergast
|
0-0: Ball 1-0: Called Strike 1-1: Swinging Strike 1-2: Strikes out swinging
|
Batting: RHB Tim Adkins
|
0-0: Called Strike 0-1: Ball 1-1: Swinging Strike 1-2: Fly out, F8 (Flyball, 8RS)
|
Batting: RHB Emiel van Rhee
|
0-0: Called Strike 0-1: Ball 1-1: Foul Ball, location: 2F 1-2: Ground out 1-3 (Groundball, 25)
|
Bottom of the 6th over - 0 run(s), 0 hit(s), 0 error(s), 0 left on base; Jasper 2 - Colorado 5 |
TOP OF THE 7TH |
Jasper Cougars batting - Pitching for Colorado Commanders : RHP Tomás Rodríguez
|
Batting: RHB Juan Vázquez
|
0-0: Called Strike 0-1: Ball 1-1: Foul Ball, location: 2F 1-2: Ground out 1-3 (Groundball, 15)
|
Batting: RHB Manuel Pérez
|
0-0: Ball 1-0: Called Strike 1-1: Ball 2-1: Ground out 2-3 (Groundball, 2L)
|
Batting: RHB Fernando Gálvez
|
0-0: Swinging Strike 0-1: Swinging Strike 0-2: Foul Ball, location: 2F 0-2: DOUBLE (Line Drive, 78M)
|
Pitching: RHP Jerry Campbell
|
|
Batting: LHB Enrique Valentín
|
0-0: Ball 1-0: Fly out, F8 (Flyball, 8LM)
|
Top of the 7th over - 0 run(s), 1 hit(s), 0 error(s), 1 left on base; Jasper 2 - Colorado 5 |
BOTTOM OF THE 7TH |
Colorado Commanders batting - Pitching for Jasper Cougars : RHP Andrés Ruíz
|
Batting: LHB Cristóbal Cintrón
|
0-0: Ball 1-0: Ball 2-0: Ball 3-0: Base on Balls
|
Batting: SHB Ángel Díaz
|
0-0: Ball 1-0: Foul Ball, location: 2F 1-1: Ball 2-1: Bunted foul 2-2: SINGLE (Line Drive, 56) Cristóbal Cintrón to second
|
Batting: RHB Keith Jones
|
0-0: Ball 1-0: Bunt - Flyout! F1
|
Pitching: LHP Javier Galeas
|
|
Batting: RHB Xavier De La Cruz
|
0-0: Foul Ball, location: 2F 0-1: Fly out, F8 (Flyball, 8RM)
|
Batting: LHB Gary Kern
|
0-0: 3-RUN HOME RUN (Flyball, 9LD), Distance : 360 ft
|
Batting: RHB Lee Price
|
0-0: Foul Ball, location: 2F 0-1: Fly out, F9 (Flyball, 9S)
|
Bottom of the 7th over - 3 run(s), 2 hit(s), 0 error(s), 0 left on base; Jasper 2 - Colorado 8 |
TOP OF THE 8TH |
Jasper Cougars batting - Pitching for Colorado Commanders : RHP Jerry Campbell
|
Batting: SHB Ron Edwards
|
0-0: Ball 1-0: Ball 2-0: Ball 3-0: Base on Balls
|
Batting: RHB Dan Hooper
|
0-0: Swinging Strike 0-1: Called Strike 0-2: Ball 1-2: Ball 2-2: Foul Ball, location: 2F 2-2: Strikes out swinging
|
Batting: SHB Martín Cruz
|
0-0: Swinging Strike 0-1: Fly out, F7 (Popup, 6D)
|
Batting: LHB Pepe Vázquez
|
0-0: DOUBLE (Line Drive, 7LM) Ron Edwards to third Runner from 3rd tries for Home, SAFE, throw made home
|
Batting: RHB José Ortega
|
0-0: Swinging Strike 0-1: Ball 1-1: Called Strike 1-2: Strikes out swinging
|
Top of the 8th over - 1 run(s), 1 hit(s), 0 error(s), 1 left on base; Jasper 3 - Colorado 8 |
BOTTOM OF THE 8TH |
Colorado Commanders batting - Pitching for Jasper Cougars : LHP Javier Galeas
|
Batting: RHB Richard Pendergast
|
0-0: Ball 1-0: Fly out, F7 (Line Drive, 7M)
|
Batting: RHB Tim Adkins
|
0-0: Ball 1-0: Ball 2-0: Reached on error, E5 (Groundball, 56)
|
Batting: RHB Emiel van Rhee
|
0-0: Called Strike 0-1: Foul Ball, location: 2F 0-2: Ball 1-2: Ball 2-2: Strikes out swinging
|
Batting: LHB Cristóbal Cintrón
|
0-0: Called Strike 0-1: Foul Ball, location: 2F 0-2: Ball 1-2: Foul Ball, location: 2F 1-2: Ball 2-2: Ball 3-2: Foul Ball, location: 2F 3-2: Foul Ball, location: 2F 3-2: Base on Balls Tim Adkins to second
|
Batting: SHB Ángel Díaz
|
0-0: Called Strike 0-1: Called Strike 0-2: Ball 1-2: Ball 2-2: Fly out, F7 (Flyball, 7M)
|
Bottom of the 8th over - 0 run(s), 0 hit(s), 1 error(s), 2 left on base; Jasper 3 - Colorado 8 |
TOP OF THE 9TH |
Jasper Cougars batting - Pitching for Colorado Commanders : RHP Jerry Campbell
|
Batting: RHB Juan Vázquez
|
0-0: Called Strike 0-1: Called Strike 0-2: Ball 1-2: Ball 2-2: Strikes out swinging
|
Batting: RHB Manuel Pérez
|
0-0: Foul Ball, location: 2F 0-1: Ball 1-1: Fly out, F7 (Flyball, 78M)
|
Batting: RHB Fernando Gálvez
|
0-0: Called Strike 0-1: Foul Ball, location: 2F 0-2: DOUBLE (Line Drive, 78M)
|
Batting: LHB Enrique Valentín
|
0-0: Called Strike 0-1: Called Strike 0-2: Foul Ball, location: 2F 0-2: Ball 1-2: Strikes out looking
|
Top of the 9th over - 0 run(s), 1 hit(s), 0 error(s), 1 left on base; Jasper 3 - Colorado 8 |
|